 Dungeon Crawl Stone Soup version 0.22-a0-274-gf8199ec (webtiles) character file.

60 tidbits the Insei (level 4, -3/34 HPs)
             Began as a Gnoll Transmuter on Mar 14, 2018.
             Slain by a vampire (10 damage)
             ... on level 4 of the Dungeon.
             The game lasted 00:04:01 (443 turns).

tidbits the Insei (Gnoll Transmuter)                 Turns: 443, Time: 00:04:02

Health: -3/34      AC:  2    Str: 18    XL:     4   Next: 6%
Magic:  11/11      EV: 23    Int: 16    God:
Gold:   77         SH:  0    Dex: 20    Spells: 7/13 levels left

rFire    + . .     SeeInvis .     - Unarmed
rCold    . . .     Gourm    .   (shield currently unavailable)
rNeg     . . .     Faith    .   (armour currently unavailable)
rPois    x         Spirit   .   (helmet currently unavailable)
rElec    .         Reflect  .   (cloak currently unavailable)
rCorr    +         Harm     .   (gloves currently unavailable)
MR       .....                  (boots currently unavailable)
Stlth    ++........             (no amulet)
HPRegen  0.11/turn              h - ring of protection from fire
MPRegen  0.12/turn              k - ring of resist corrosion

@: mighty, spider-form, very slightly contaminated
A: tiny, distributed training, strong nose
a: End Transformation


You were on level 4 of the Dungeon.
You were not hungry.
You were a venomous arachnid creature.
You visited 1 branch of the dungeon, and saw 5 of its levels.

You collected 77 gold pieces.

Inventory:

Hand Weapons
 e - a +0 dagger
Missiles
 a - 30 arrows
Armour
 b - a +0 robe (melded)
 d - a cursed +0 leather armour
 n - a +0 leather armour
 o - a +0 ring mail
Magical Staves
 r - an uncursed staff of cold {unknown}
   (You found it on level 3 of the Dungeon)
Jewellery
 h - a ring of protection from fire (left front leg)
   (You found it on level 1 of the Dungeon)
 k - a ring of resist corrosion (right front leg)
   (You found it on level 2 of the Dungeon)
Scrolls
 f - 2 scrolls of teleportation {unknown}
 g - a scroll of identify {unknown}
 i - a scroll of immolation {unknown}
 j - a scroll of remove curse {unknown}
 m - a scroll of noise {unknown}
Comestibles
 c - 2 rations


   Skills:
 + Level 2.7 Fighting
 + Level 1.0 Short Blades
 + Level 1.0 Long Blades
 + Level 1.0 Axes
 + Level 1.0 Maces & Flails
 + Level 1.0 Polearms
 + Level 1.0 Staves
 + Level 1.0 Slings
 + Level 1.0 Bows
 + Level 1.0 Crossbows
 + Level 1.0 Throwing
 + Level 1.0 Armour
 + Level 4.6 Dodging
 + Level 1.0 Stealth
 + Level 1.0 Shields
 + Level 6.5 Unarmed Combat
 + Level 5.0 Spellcasting
 + Level 0.7 Conjurations
 + Level 0.7 Hexes
 + Level 0.7 Charms
 + Level 0.7 Summonings
 + Level 0.7 Necromancy
 + Level 0.7 Translocations
 + Level 3.8 Transmutations
 + Level 0.7 Fire Magic
 + Level 0.7 Ice Magic
 + Level 0.7 Air Magic
 + Level 0.7 Earth Magic
 + Level 0.7 Poison Magic
 + Level 1.1 Invocations
 + Level 1.0 Evocations


You had 7 spell levels left.
You knew the following spells:

 Your Spells              Type           Power        Failure   Level  Hunger
e - Beastly Appendage     Tmut           ###...       11%         1    None
k - Sticks to Snakes      Tmut           ###.....     14%         2    #......
p - Spider Form           Tmut/Pois      ##........   38%         3    ###....


Dungeon Overview and Level Annotations

Branches:
Dungeon (5/15)
 Temple: D:4-7

Altars:
Ashenzari
Yredelemnul


Innate Abilities, Weirdness & Mutations

Your experience applies equally to all skills.
((You have very sharp teeth.))
Your uncanny sense of smell can sniff out nearby items.


Message History

Confirm with . or Enter, or press ? or * to list all spells.
You create a snake!
You now have 11 arrows.
The centaur skeleton misses you.
You hit the centaur skeleton.
The centaur skeleton is lightly damaged.
The centaur skeleton misses you.
Your adder bites the centaur skeleton.
You bite the centaur skeleton!
The centaur skeleton is heavily damaged.
The centaur skeleton hits you.
* * * LOW HITPOINT WARNING * * *
Your adder bites the centaur skeleton.
You hit the centaur skeleton but do no damage.
The centaur skeleton is heavily damaged.
The centaur skeleton misses you.
Your adder bites the centaur skeleton.
You hit the centaur skeleton.
The centaur skeleton is severely damaged.
The centaur skeleton misses you.
Your adder bites the centaur skeleton.
The centaur skeleton completely misses your adder.
You hit the centaur skeleton.
The centaur skeleton is almost destroyed.
Your transformation is almost over.
Your adder bites the centaur skeleton.
The centaur skeleton hits you.
* * * LOW HITPOINT WARNING * * *
You bite the centaur skeleton!
You destroy the centaur skeleton!
Your Invocations skill increases to level 1!
Your transformation has ended.
Your +0 robe unmelds from your body.
An adder comes into view.
Found 19 arrows.
Your adder withers and dies!
Found a basalt altar of Yredelemnul.
Found a stone staircase leading down.
The adder hisses angrily.
Unknown command.
Found 24 stones.
Casting: Sticks to Snakes (safe; 4% risk of failure)
Confirm with . or Enter, or press ? or * to list all spells.
You turn into a venomous arachnid creature.
Your +0 robe melds into your body.
Casting: Spider Form (slightly dangerous; 38% risk of failure)
Confirm with . or Enter, or press ? or * to list all spells.
You miscast Sticks to Snakes.
You are very lightly contaminated with residual magic.
Your skin tingles.
The adder barely misses you.
You bite the adder!
The adder is poisoned.
The adder is severely wounded.
The adder misses you.
You completely miss the adder.
The adder is almost dead.
The adder bites you but does no damage.
You barely miss the adder.
The adder is almost dead.
You kill the adder!
Your Short Blades skill increases to level 1!
Your Long Blades skill increases to level 1!
Your Axes skill increases to level 1!
Your Maces & Flails skill increases to level 1!
Your Polearms skill increases to level 1!
Your Staves skill increases to level 1!
Your Slings skill increases to level 1!
Your Bows skill increases to level 1!
Your Crossbows skill increases to level 1!
Your Throwing skill increases to level 1!
Your Armour skill increases to level 1!
Your Stealth skill increases to level 1!
Your Shields skill increases to level 1!
Your Evocations skill increases to level 1!
You have reached level 4!
You feel stronger.
Found a sharpened bone wand.
You see here 19 arrows.
a - 30 arrows (gained 19)
A vampire comes into view.
Your transformation is almost over.
There is a stone staircase leading down here.
You climb downwards.
Found a shattered altar of Ashenzari.
There is a stone staircase leading up here.
Unknown command.
It was a potion of might.
You feel very mighty all of a sudden.
Your transformation has ended.
Your +0 robe unmelds from your body.
There is a stone staircase leading up here.
You climb upwards.
The vampire misses you. x2
There is a stone staircase leading down here.
Unknown command.
Casting: Sticks to Snakes (safe; 4% risk of failure)
Confirm with . or Enter, or press ? or * to list all spells.
You turn into a venomous arachnid creature.
Your +0 robe melds into your body.
The vampire hits you.
* * * LOW HITPOINT WARNING * * *
The vampire closely misses you.
It was a potion of magic.
Magic courses through your body. The vampire misses you. The vampire bites you.
* * * LOW HITPOINT WARNING * * *
The vampire draws strength from your injuries!
You hit the vampire.
The vampire is moderately damaged.
The vampire hits you!
You die...

#.#.#/# .# ∆ ∆
#.#.#.###.#
#.#.......#
##...P.P...#
...(.._....#
#.P.P...###.#
#.........V.#
#######..##..###.#
.....##.###Vs#
#.........#
#####.......... ∆
#.###.######.##
#.....# #.#
#.##### #.#
#.###### #.#
#.##...# #.#
#.##.#.# #<#


You could see a vampire.

Vanquished Creatures
  A centaur skeleton (D:4)
  An adder (D:4)
  2 dart slugs (D:1)
  5 orcs (D:4)
  A giant cockroach (D:3)
  A hobgoblin (D:1)
  2 kobolds
  3 bats
  3 goblins (D:1)
  3 rats
22 creatures vanquished.

Notes
Turn   | Place    | Note
-------+----------+-------------------------------------------
     0 | D:1      | tidbits the Gnoll Transmuter began the quest for the Orb.
     0 | D:1      | Reached XP level 1. HP: 17/17 MP: 6/6
    90 | D:1      | Reached XP level 2. HP: 23/23 MP: 4/7
   301 | D:2      | Learned a level 2 spell: Sticks to Snakes
   336 | D:4      | Reached XP level 3. HP: 6/28 MP: 9/9
   337 | D:4      | Reached skill level 5 in Spellcasting
   378 | D:3      | Learned a level 3 spell: Spider Form
   404 | D:4      | Reached skill level 1 in Invocations
   417 | D:4      | Found a basalt altar of Yredelemnul.
   424 | D:4      | Reached skill level 1 in Short Blades
   424 | D:4      | Reached skill level 1 in Long Blades
   424 | D:4      | Reached skill level 1 in Axes
   424 | D:4      | Reached skill level 1 in Maces & Flails
   424 | D:4      | Reached skill level 1 in Polearms
   424 | D:4      | Reached skill level 1 in Staves
   424 | D:4      | Reached skill level 1 in Slings
   424 | D:4      | Reached skill level 1 in Bows
   424 | D:4      | Reached skill level 1 in Crossbows
   424 | D:4      | Reached skill level 1 in Throwing
   424 | D:4      | Reached skill level 1 in Armour
   424 | D:4      | Reached skill level 1 in Stealth
   424 | D:4      | Reached skill level 1 in Shields
   424 | D:4      | Reached skill level 1 in Evocations
   424 | D:4      | Reached XP level 4. HP: 11/34 MP: 2/11
   430 | D:4      | Noticed a vampire
   433 | D:5      | Entered Level 5 of the Dungeon
   433 | D:5      | Found a shattered altar of Ashenzari.
   443 | D:4      | Slain by a vampire

Vault maps used:
D:1:      elethiomel_arrival_shortcut
D:2:      serial_curves, eino_curves_04, eino_curves_04,
          kennysheep_generic_room_9
D:3:      lemuel_crystal_altar, okawaru_altar_gauntlet_db
D:4:      kennysheep_mini, minmay_temple_entry_overgrown, first_ration,
          minivault_25, yredelemnul_altar_generic
D:5:      ashenzari_altar_1, minivault_27, grunt_qazlal_sundering

Skill      XL: |  1  2  3 |
---------------+----------+-----
Spellcasting   | 5 |  5.0
Invocations    | 1 |  1.1
Short Blades   | 1 |  1.0
Long Blades    | 1 |  1.0
Axes           | 1 |  1.0
Maces & Flails | 1 |  1.0
Polearms       | 1 |  1.0
Staves         | 1 |  1.0
Slings         | 1 |  1.0
Bows           | 1 |  1.0
Crossbows      | 1 |  1.0
Throwing       | 1 |  1.0
Armour         | 1 |  1.0
Stealth        | 1 |  1.0
Shields        | 1 |  1.0
Evocations     | 1 |  1.0
Fighting       | |  2.7
Dodging        | |  4.6
Unarmed Combat | |  6.5
Conjurations   | |  0.7
Hexes          | |  0.7
Charms         | |  0.7
Summonings     | |  0.7
Necromancy     | |  0.7
Translocations | |  0.7
Transmutations | |  3.8
Fire Magic     | |  0.7
Ice Magic      | |  0.7
Air Magic      | |  0.7
Earth Magic    | |  0.7
Poison Magic   | |  0.7

Action                   |  1- 3 |  4- 6 || total
-------------------------+-------+-------++-------
Melee: Unarmed           |    57 |     1 ||    58
       Bite              |     4 |       ||     4
       Kick              |     8 |       ||     8
 Cast: Beastly Appendage |     8 |       ||     8
       Spider Form       |     2 |     1 ||     3
       Sticks to Snakes  |     1 |       ||     1
  Use: Potion            |     1 |     2 ||     3
 Stab: Sleeping          |     1 |       ||     1
Armor: Robe              |     7 |       ||     7
       Skin              |     1 |       ||     1
Dodge: Dodged            |    42 |     4 ||    46

Table legend:
 A = Spawn XP
 B = Non-spawn XP
 C = Spawn XP percentage of total XP
 D = Spawn monster count
 E = Non-spawn monster count
 F = Spawn count percentage of total count
 G = Total turns spent on level
                    A         B        C        D         E        F      G
               +---------+---------+-------+---------+---------+-------+---------
         Total |       0 |      87 |   0.0 |       0 |      22 |   0.0 |   443
               +---------+---------+-------+---------+---------+-------+---------
           D:1 |       0 |      18 |   0.0 |       0 |       8 |   0.0 |   124
           D:2 |       0 |       5 |   0.0 |       0 |       5 |   0.0 |   123
           D:3 |       0 |       3 |   0.0 |       0 |       2 |   0.0 |    95
           D:4 |       0 |      61 |   0.0 |       0 |       7 |   0.0 |    94
               +---------+---------+-------+---------+---------+-------+---------

Table legend:
 A = Turns spent in this place as a percentage of turns spent in the entire game.
 B = Non-inter-level travel turns spent in this place as a percentage of non-inter-level travel turns spent in the entire game.
 C = Inter-level travel turns spent in this place as a percentage of turns spent in this place.
 D = Turns resting spent in this place as a percentage of non-inter-level travel turns spent in this place.
 E = Turns spent auto-exploring this place as a percentage of non-inter-level travel turns spent in this place.
 F = Non-inter-level travel turns spent in this place divided by the number of levels of this place that you've seen.
                   A       B       C       D       E      F
               +-------+-------+-------+-------+-------+----------------------
         Total | 100.0 | 100.0 |   0.0 |   0.0 |   0.0 |  88.6
       Dungeon | 100.0 | 100.0 |   0.0 |   0.0 |   0.0 |  88.6
               +-------+-------+-------+-------+-------+----------------------

Table legend:
 A = Kills in this place as a percentage of kills in entire the game.
 B = Kills by you in this place as a percentage of kills by you in the entire game.
 C = Kills by friends in this place as a percentage of kills by friends in the entire game.
 D = Other kills in this place as a percentage of other kills in the entire game.
 E = Experience gained in this place as a percentage of experience gained in the entire game.
 F = Experience gained in this place divided by the number of levels of this place that you have seen.
                   A       B       C       D       E      F
               +-------+-------+-------+-------+-------+----------------------
         Total | 100.0 | 100.0 |   N/A |   N/A | 100.0 |  17.4
       Dungeon | 100.0 | 100.0 |   N/A |   N/A | 100.0 |  17.4
               +-------+-------+-------+-------+-------+----------------------

Vault maps used:
D:1:      elethiomel_arrival_shortcut
D:2:      serial_curves, eino_curves_04, eino_curves_04,
          kennysheep_generic_room_9
D:3:      lemuel_crystal_altar, okawaru_altar_gauntlet_db
D:4:      kennysheep_mini, minmay_temple_entry_overgrown, first_ration,
          minivault_25, yredelemnul_altar_generic
D:5:      ashenzari_altar_1, minivault_27, grunt_qazlal_sundering
